 Dungeon Crawl Stone Soup version 0.25-b1-23-ge2ad7d536c (webtiles) character file.

Game seed: 4673731022451290842, levelgen mode: deterministic

88 Dirian the Shield-Bearer (level 4, -26/40 HPs)
             Began as a Minotaur Fighter on May 29, 2020.
             Engulfed by Ijyb's flame (28 damage)
             ... on level 4 of the Dungeon.
             The game lasted 00:01:51 (1731 turns).

Dirian the Shield-Bearer (Minotaur Fighter)         Turns: 1731, Time: 00:01:52

Health: -26/40     AC:  7    Str: 21    XL:     4   Next: 29%
Magic:  3/3        EV:  7    Int:  5    God:
Gold:   108        SH:  9    Dex: 10    Spells: 3/3 levels left

rFire    . . .     SeeInvis .   a - +0 long sword
rCold    . . .     Gourm    .   c - +0 kite shield
rNeg     . . .     Faith    .   b - +0 scale mail
rPois    .         Spirit   .   (helmet restricted)
rElec    .         Reflect  .   (no cloak)
rCorr    .         Harm     .   (no gloves)
MR       .....                  (no boots)
Stlth    ..........             (no amulet)
HPRegen  0.13/turn              (no ring)
MPRegen  0.08/turn              (no ring)

@: no status effects
A: retaliatory headbutt, horns 2
a: no special abilities


You were on level 4 of the Dungeon.
You were not hungry.

You visited 1 branch of the dungeon, and saw 3 of its levels.

You collected 108 gold pieces.

Inventory:

Hand Weapons
 a - a +0 long sword (weapon)
Armour
 b - a +0 scale mail (worn)
 c - a +0 kite shield (worn)
Jewellery
 g - an uncursed ring of protection from cold {unknown}
Scrolls
 e - a scroll of noise {unknown}
 h - 3 scrolls of identify {unknown}
 i - a scroll of remove curse {unknown}
 k - a scroll of immolation {unknown}
 p - 2 scrolls of enchant weapon {unknown}
Potions
 d - a potion of might
 l - a potion of curing {unknown}
 m - a potion of mutation {unknown}
 n - a potion of haste {unknown}
 o - a potion of lignification {unknown}
 q - a potion of cancellation {unknown}
Comestibles
 f - 2 rations
 j - 8 chunks of flesh


   Skills:
 + Level 4.1 Fighting
 * Level 3.7 Long Blades
 + Level 4.3 Armour
 + Level 4.5 Shields


You had 3 spell levels left.
You didn't know any spells.
Your spell library was empty.

Dungeon Overview and Level Annotations

Branches:
Dungeon (2/15)

Altars:

Annotations:
D:4 Ijyb


Innate Abilities, Weirdness & Mutations

You reflexively headbutt those who attack you in melee.
You have a pair of horns on your head.


Message History

You block Ijyb's attack.
You hit Ijyb but do no damage. Ijyb hits you but does no damage.
You hit Ijyb but do no damage.
Ijyb screams, "No!
No, no, no, no!"
Ijyb zaps a wand.
Ijyb creates a blast of flame!
Ijyb completely misses you.
You completely miss Ijyb. You headbutt Ijyb.
Ijyb is lightly wounded.
You are engulfed in blazing flames.
Ijyb zaps a wand.
Ijyb creates a blast of freezing vapour!
You hit Ijyb but do no damage. Your headbutt misses Ijyb.
Ijyb is lightly wounded.
You are engulfed in blazing flames.
Ouch! That really hurt!
* * * LOW HITPOINT WARNING * * *
Ijyb hits you but does no damage. Ijyb closely misses you.
You hit Ijyb.
Ijyb is lightly wounded.
You are engulfed in blazing flames.
Ouch! That really hurt!
You die...

######## #.......
################.######
#.............##.#
#.............##.#
#......§§§....##.######
+.....§§§§.............
#.....§§§§.....#.######
#....§@§.......#.#
#####g########.#.# ...#
#)#.# ...... #.#.#
........ #.#.#
......... #.#.#
.......#. #.#
.......#.. #.# #.#


You could see Ijyb.

Vanquished Creatures
  3 adders (D:2)
  A worm (D:2)
  2 dart slugs (D:1)
  5 leopard geckos
  An orc (D:4)
  A giant cockroach (D:1)
  5 hobgoblins
  10 jackals
  6 kobolds
  2 quokkas
  A bat (D:1)
  3 frilled lizards
  4 goblins
  2 rats (D:1)
46 creatures vanquished.

Notes
Turn   | Place    | Note
-------+----------+-------------------------------------------
     0 | D:1      | Dirian the Minotaur Fighter began the quest for the Orb.
     0 | D:1      | Reached XP level 1. HP: 19/19 MP: 0/0
   118 | D:1      | Reached XP level 2. HP: 27/27 MP: 1/1
   701 | D:1      | Reached XP level 3. HP: 29/33 MP: 2/2
  1443 | D:2      | Reached XP level 4. HP: 40/40 MP: 3/3
  1642 | D:2      | You fall into a shaft and drop 2 floors!
  1721 | D:4      | Noticed Ijyb
  1730 | D:4      | HP: 2/40 [Ijyb] (25)]
  1731 | D:4      | Engulfed by Ijyb's flame

Illustrated notes

Levels and vault maps discovered:
D:1:      minmay_arrival_four_loops, layout_basic, supply_closet_lemuel
D:2:      layout_basic
D:4:      layout_basic, first_ration, lemuel_altar_in_water, uniq_ijyb

Skill      XL: |  1  2 |
---------------+-------+-----
Shields        | 4 |  4.5
Armour         | 4 |  4.3
Long Blades    | 3 |  3.7
Fighting       | 4 |  4.1

Action                   |  1- 3 |  4- 6 || total
-------------------------+-------+-------++-------
Melee: Long sword        |    92 |    22 ||   114
       Headbutt          |    16 |     4 ||    20
  Eat: Chunk             |     2 |     1 ||     3
Armor: Scale mail        |    49 |     9 ||    58
Dodge: Dodged            |    29 |     6 ||    35
Block: Kite shield       |    64 |     8 ||    72
       Rpst.: Long sword |    10 |     2 ||    12
